Cogmind - Beta 10.2 @@@ ROGUE MODE // 2021.07.15 @ 21:24:39 Player: zapruda Result: Destroyed by S-10 Pest with Light Assault Rifle Performance ------------- Evolutions (1) 500 Regions Visited (2) 400 Robots Destroyed (22) 110 Value Destroyed (335) 335 Prototype IDs (2) 40 Alien Tech Used (0) 0 Bonus (0) 0 TOTAL SCORE: 1385 Bonus ------- None Cogmind --------- Core Integrity 0/400 Matter 260/300 Energy 100/100 System Corruption 0% Temperature Cool (0) Movement Rolling (120) Ox2 Location -9/Materials Parts ------- > --- POWER (2) -------- (None) > --- PROPULSION (2) --- Compact Wheel Compact Wheel > --- UTILITY (3) ------ High-capacity Storage Unit High-capacity Storage Unit High-capacity Storage Unit > --- WEAPON (2) ------- (None) > --- INVENTORY (28) --- Aluminum Leg Aluminum Leg Flight Unit Flight Unit Flight Unit Flight Unit Flight Unit Flight Unit Flight Unit Flight Unit Heat Sink Medium Storage Unit Small Matter Pod (50) Weight Redist. System Sensor Array Datajack Peak State ------------ > --- POWER ------------ (None) > --- PROPULSION ------- Light Treads Light Treads > --- UTILITY ---------- High-capacity Storage Unit High-capacity Storage Unit High-capacity Storage Unit > --- WEAPON ----------- Shock Rifle Shock Rifle > --- INVENTORY -------- Aluminum Leg Aluminum Leg Compact Wheel Compact Wheel Flight Unit Flight Unit Flight Unit Flight Unit Flight Unit Flight Unit Flight Unit Flight Unit Heat Sink Medium Storage Unit Small Matter Pod Weight Redist. System Sensor Array Datajack [Rating: 12] Favorites ----------- Power Ion Engine Engine Ion Engine Propulsion Compact Wheel Treads Light Treads Wheel Compact Wheel Utility High-capacity Storage Unit Storage High-capacity Storage Unit Processor Transport Network Coupler Weapon Assault Rifle Energy Gun Small Laser Ballistic Gun Assault Rifle Build | -11 -10 -9 ------- Run | Scr Mat Mat Slots Evolved 2 | . . 2 Power 1 | . . 1 Propulsion . | . . . Utility 1 | . . 1 Weapon . | . . . Parts Attached 36 | 6 15 15 Power 6 | 1 1 4 Engine 6 | 1 1 4 Core . | . . . Reactor . | . . . Propulsion 15 | 2 7 6 Treads 8 | 2 2 4 Leg . | . . . Wheel 7 | . 5 2 Hover . | . . . Flight . | . . . Utility 7 | 1 5 1 Device . | . . . Storage 6 | 1 4 1 Processor 1 | . 1 . Hackware . | . . . Protection . | . . . Artifact . | . . . Weapon 8 | 2 2 4 Energy Gun 4 | . . 4 Energy Cannon . | . . . Ballistic Gun 4 | 2 2 . Ballistic Cannon . | . . . Launcher . | . . . Special Weapon . | . . . Impact Weapon . | . . . Slashing Weapon . | . . . Piercing Weapon . | . . . Special Melee Weapon . | . . . Unidentified Prototypes . | . . . Parts Lost 20 | . 4 16 Power 5 | . 1 4 Propulsion 8 | . 2 6 Utility . | . . . Weapon 7 | . 1 6 Highest Loss Streak 4 | . 3 4 Average Slot Usage (%) 90 | . 98 78 Engine 14 | . 13 15 Treads 8 | . 9 6 Wheel 16 | . 18 12 Storage 29 | . 27 32 Energy Gun 2 | . . 5 Ballistic Gun 18 | . 27 5 Naked Turns . | . . . Heaviest Build 107 | 12 73 107 Greatest Support 40 | 40 40 40 Greatest Overweight (x) 6 | . 3 6 Average Overweight (x) 2 | . 1 3 Largest Inventory Capacity 28 | 6 20 28 Average Capacity 21 | 5 19 27 Most Carried 24 | 6 20 24 Average Carried 15 | 3 13 20 Final Capacity 28 | 6 20 28 Final Carried 20 | 6 20 16 Class Distribution -------------------- 90% | Hauler-Mutant 9% | Mutant Dominant Class ---------------- Hauler-Mutant | -10/Materials Hauler-Mutant | -9/Materials Resources | -11 -10 -9 ----------- Run | Scr Mat Mat Matter Collected 746 | 231 419 96 Remotely . | . . . Salvage Created 699 | . 509 190 Parts 43 | . 32 11 Haulers Intercepted 2 | . 2 . Recyclers Shooed 2 | . 2 . Parts Field Recycled . | . . . Retrieved Matter . | . . . Parts Self-Destructed . | . . . Prevented . | . . . Kills | -11 -10 -9 ------- Run | Scr Mat Mat Combat Hostiles Destroyed 15 | . 8 7 Melee 1 | . . 1 Guns 14 | . 8 6 Classes Destroyed 6 | . 6 . Worker 1 | . 1 . Hauler 2 | . 2 . Recycler 3 | . 3 . Watcher 1 | . 1 . Swarmer 10 | . 6 4 Grunt 5 | . 2 3 Best Kill Streak 4 | . 4 4 Combat Bots Only 4 | . 3 4 Max Kills in Single Turn 1 | . 1 1 Gunslinging . | . . . Exploded . | . . . Melee 1 | . . 1 Uniques/NPCs Destroyed . | . . . Combat | -11 -10 -9 -------- Run | Scr Mat Mat Damage Taken 2350 | . 535 1815 Core 502 | . 98 404 Absorbed by Shields . | . . . Core Remaining (%) 80 | 100 60 . Volleys Fired 90 | . 50 40 Largest 2 | . 2 2 Hottest 100 | . 40 100 Shots Fired 150 | . 94 56 Gun 150 | . 94 56 Cannon . | . . . Launcher . | . . . Special . | . . . Kinetic 125 | . 94 31 Thermal 23 | . . 23 Explosive . | . . . Electromagnetic 2 | . . 2 Robot Hit Streak 26 | . 7 26 Robot Miss Streak 5 | . 5 3 Penetration Max . | . . . Secondary Targets 3 | . 1 2 Max Gunslinging Chain 1 | . 1 1 Shots Hit Robots 89 | . 48 41 Core Hits 39 | . 24 15 Critical Hits . | . . . Critical Kills . | . . . Critical Parts Destroyed . | . . . Melee Attacks . | . . . Impact . | . . . Slashing . | . . . Piercing . | . . . Sneak Attacks . | . . . Combat Hostiles . | . . . Follow-up Attacks . | . . . Damage Inflicted 1054 | . 583 471 Guns 1031 | . 583 448 Cannons . | . . . Explosions . | . . . Melee . | . . . Ramming 23 | . . 23 Kinetic 764 | . 583 181 Thermal 231 | . . 231 Explosive . | . . . Electromagnetic 36 | . . 36 Impact . | . . . Slashing . | . . . Piercing . | . . . Highest Corruption . | . . . Average Corruption . | . . . Corruption Purged . | . . . Overload Shots . | . . . Overflow Damage . | . . . Projectiles . | . . . Explosions . | . . . Melee . | . . . Knockbacks . | . . . Impact . | . . . Kinetic . | . . . Secondary . | . . . Self-Inflicted Damage . | . . . Shots . | . . . Rammed 6 | . . 6 Targets Rammed 6 | . . 6 Kicked . | . . . Crushed . | . . . Highest Temperature 110 | . 2 110 Average Temperature 23 | . 1 24 Received Heat Transfer 1170 | . 81 1089 Siege Activations . | . . . Robots Corrupted . | . . . Combat Hostiles . | . . . Parts Fried . | . . . Impact Corruptions . | . . . Robots Melted . | . . . Combat Hostiles . | . . . Parts Melted . | . . . Heat Transferred 643 | . . 643 Parts Sabotaged . | . . . Parts Stolen . | . . . Parts Stripped . | . . . Power Chain Reactions . | . . . Missiles Intercepted . | . . . Alert | -11 -10 -9 ------- Run | Scr Mat Mat Peak Influence 205 | . 205 175 Initial 15 | . . 15 Average 78 | . 65 109 Maximum Alert Level 1 | . 1 . Low Security (%) 91 | 100 84 100 Level 1 8 | . 15 . Level 2 . | . . . Level 3 . | . . . Level 4 . | . . . Level 5 . | . . . High Security . | . . . Max Security . | . . . Squads Dispatched 3 | . . 3 Investigation . | . . . Extermination . | . . . Reinforcement 3 | . . 3 Assault . | . . . Garrison . | . . . Intercept . | . . . Construction Impeded . | . . . Haulers Reinforced . | . . . Stealth | -11 -10 -9 --------- Run | Scr Mat Mat Distress Signals 2 | . . 2 Communications Jammed . | . . . Distress Signals . | . . . Times Spotted 36 | . 12 24 Peak Tracking Total 11 | . 3 11 Tactical Retreats 2 | . . 2 Traps | -11 -10 -9 ------- Run | Scr Mat Mat Traps Triggered . | . . . Indirectly . | . . . Trap Hack Attempts . | . . . Triggered . | . . . Disarmed . | . . . Reprogrammed . | . . . Reused . | . . . Traps Extracted . | . . . Installed . | . . . Triggered . | . . . Machines | -11 -10 -9 ---------- Run | Scr Mat Mat Machines Disabled . | . . . Max in Single Turn . | . . . Machines Sabotaged . | . . . Garrisons Compromised . | . . . Overloaded Fab Kills . | . . . Fab Network Shutdowns . | . . . Hacking | -11 -10 -9 --------- Run | Scr Mat Mat Machines Accessed 5 | . 5 . Terminals 4 | . 4 . Fabricators . | . . . Repair Stations . | . . . Recycling Units 1 | . 1 . Scanalyzers . | . . . Garrison Access . | . . . Total Hacks 14 | . 14 . Successful 7 | . 7 . Failed 7 | . 7 . Catastrophic 1 | . 1 . Database Lockouts . | . . . Manual . | . . . Terminals 11 | . 11 . Fabricators . | . . . Repair Stations . | . . . Recycling Units 3 | . 3 . Scanalyzers . | . . . Garrison Access . | . . . Terminal Hacks 5 | . 5 . Record 1 | . 1 . Robot Analysis 1 | . 1 . Prototype ID Bank 1 | . 1 . Locate Traps 1 | . 1 . Hauler Manifests 1 | . 1 . Fabricator Hacks . | . . . Repair Station Hacks . | . . . Recycling Unit Hacks 2 | . 2 . Report Inventory 1 | . 1 . Retrieve Components 1 | . 1 . Scanalyzer . | . . . Garrison Access Hacks . | . . . Unauthorized Hacks . | . . . Terminals . | . . . Fabricators . | . . . Repair Stations . | . . . Recycling Units . | . . . Scanalyzers . | . . . Garrison Access . | . . . Data Cores Recovered . | . . . Used . | . . . Hacking Detections 4 | . 4 . Full Trace Events 1 | . 1 . Feedback Events . | . . . Feedback Blocked . | . . . Robot Schematics Acquired . | . . . Robots Built . | . . . Matter . | . . . Time . | . . . Total Robot Build Rating . | . . . Part Schematics Acquired . | . . . Parts Built . | . . . Matter . | . . . Time . | . . . Total Part Build Rating . | . . . Parts Repaired . | . . . Time . | . . . Parts Recycled . | . . . Recycled Matter . | . . . Retrieved Matter . | . . . Retrieved Components 10 | . 10 . Parts Scanalyzed . | . . . Part Schematics Acquired . | . . . Parts Damaged . | . . . Bothacking | -11 -10 -9 ------------ Run | Scr Mat Mat Used RIF Installer . | . . . Robots Hacked . | . . . Non-combat . | . . . Combat . | . . . Robot Hacks Applied . | . . . Relay Couplers Released . | . . . Robots Rewired . | . . . Allies Hacked . | . . . Hacks Repelled . | . . . Allies | -11 -10 -9 -------- Run | Scr Mat Mat Total Allies . | . . . Largest Group . | . . . Highest-Rated Group . | . . . Highest-Rated Ally . | . . . Total Orders . | . . . Ally Attacks . | . . . Total Damage . | . . . Kills . | . . . Allies Corrupted . | . . . Allies Melted . | . . . Intel | -11 -10 -9 ------- Run | Scr Mat Mat Robot Analysis Total 1 | . 1 . Derelict Logs Recovered . | . . . Drone Launches . | . . . Drone Recoveries . | . . . Exploration | -11 -10 -9 ------------- Run | Scr Mat Mat Turns Passed 1281 | 81 707 493 Spaces Moved 619 | 49 394 176 Core 12 | 12 . . Treads 223 | 37 101 85 Legs . | . . . Wheels 384 | . 293 91 Hover . | . . . Flight . | . . . Fastest Speed 50 | 50 110 120 Average Speed 145 | 133 130 180 Slowest Speed 260 | 160 220 260 Overloaded Moves . | . . . Propulsion Burnouts . | . . . Robots Hopped . | . . . Cave-ins Triggered . | . . . Exploration Rate (%) 30 | 5 67 19 Regions Visited 2 Branch Regions . Pre-discovered Areas . | . . . Known Exits Taken . | . . . Unknown Exits Taken 2 | 1 1 . Scrap Searched . | . . . Spaces Dug . | . . . Terrain Destroyed . | . . . Melee . | . . . Projectile . | . . . AOE . | . . . Terrain Rammed . | . . . Walls Destroyed . | . . . Machines Disabled . | . . . Actions | -11 -10 -9 --------- Run | Scr Mat Mat Total 846 | 64 493 289 Wait 44 | . 4 40 Move 617 | 48 393 176 Hop . | . . . Pick Up 46 | 10 25 11 Fast Attach 3 | 2 1 . Attach 23 | 4 5 14 Detach . | . . . Swap 10 | . 9 1 Drop 7 | . 6 1 Fire 90 | . 50 40 Melee . | . . . Ram . | . . . Kick . | . . . Crush 6 | . . 6 Escape Stasis . | . . . Rewire . | . . . Trap . | . . . Miscellaneous . | . . . Route ------- -11/Scrapyard -10/Materials (discovered 3 exits: [*Mat x2] / [*Min]) -9/Materials History --------- Turn | Location | Event 32 | -11/Scrapyard | Discovered new exit (range 14) 82 | -11/Scrapyard | Entered Materials 170 | -10/Materials | Discovered new exit (range 16) 338 | -10/Materials | Lost 3 parts (1p2n) 483 | -10/Materials | Discovered new exit (range 11) 565 | -10/Materials | Build established: Hauler-Mutant 616 | -10/Materials | Discovered new exit (range 15) 789 | -10/Materials | Entered another Materials area 789 | -9/Materials | Evolved 2 slots: Power x1, Utility x1 959 | -9/Materials | Lost 4 parts (1p1n2w) 1171 | -9/Materials | Lost 4 parts (1p2n1w) 1184 | -9/Materials | Core integrity fell below 50% 1245 | -9/Materials | Core integrity fell below 20% 1276 | -9/Materials | Lost 4 parts (2n2w) 1282 | -9/Materials | Destroyed by S-10 Pest with Light Assault Rifle Last Messages --------------- 01105_ ALERT: Hostiles spotted, dispatching reinforcements to Terminal M007. 01114_ ALERT: Hostiles spotted, dispatching reinforcements to Terminal M002. 01128_ Sml. Laser destroyed. 01131_ W-16 Scout sends out distress signal. 01137_ Lgt. Ion Engine destroyed. 01139_ Lgt. Treads destroyed. 01140_ Com. Wheel destroyed. 01145_ K-01 Serf collects debris. 01185_ U-05 Engineer lays Concrete. 01188_ Lgt. Treads destroyed. 01189_ U-05 Engineer lays Concrete. 01192_ Lgt. Ion Engine destroyed. 01212_ Acquired Shock Rifle. 01226_ Lgt. Treads destroyed. 01231_ Shock Rifle destroyed. 01234_ K-01 Serf destroyed. 01245_ Lgt. Treads destroyed. 01248_ U-05 Engineer lays Concrete. Map ----- +----------------------------------------------------+ | ?????????????????????????????????????????????????? | | ?????????????????????????????????????????????????? | | ?????????????????????????????????????????????????? | | ?????????????????????????????????????????????????? | | ?????????????????????????????????????????????????? | | ?????????????????????????????????????????????????? | | ?????????????????????????????????????????????????? | | ?????????????????????????????????????????????????? | | ?????????????????????????????????????????????????? | | ?????????????????????????????????????????????????? | | ?????????????????????????????????????????????????? | | ?????????????????????????????????????????????????? | | ?????????????????????????????????????????????????? | | ?????????????????????????????????????????????????? | | ?????????????????????????????????????????????????? | | ???????#####???##????????????????????????????????? | | ???????# #????????####????????????????????? | | ???????# """ #???????? #????????????????????? | | ???????# """ #??# ??"" #????????????????????? | | ???????# """ #??# """ #????????????????????? | | ???????# #??# """ #????????????????????? | | ???????# " #??# #????????????????????? | | ???????# T #??# """ #????????????????????? | | ???????? " #??# """ #????????????????????? | | ?????????? ????# """ #????????????????????? | | ?????????###+###???# @ #????????????????????? | | ?????????# ##########/######+????????????????? | | ########## s ?????????? | | T??????????? | | ss ?????????? | | ########## #####+### ??????????? | | ################????????# #?????????????????????? | | ????????????????????????# #?????????????????????? | | ????????????????????????# #?????????????????????? | | ????????????????????????# #?????????????????????? | | ????????????????????????? #?????????????????????? | | ????????????????????????? #?????????????????????? | | ????????????????????????? #?????????????????????? | | ????????????????????????? #?????????????????????? | | ????????????????????????? #?????????????????????? | | ????????????????????????? #?????????????????????? | | ????????????????????????? #?????????????????????? | | ?????????????????????????????????????????????????? | | ?????????????????????????????????????????????????? | | ?????????????????????????????????????????????????? | | ?????????????????????????????????????????????????? | | ?????????????????????????????????????????????????? | | ?????????????????????????????????????????????????? | | ?????????????????????????????????????????????????? | | ?????????????????????????????????????????????????? | +----------------------------------------------------+ Best States ------------- Heat Dissipation 28 Energy Generation 15 Energy Capacity 275 Matter Stores 300 Matter Capacity 300 Sight Range 16 Terrain Scan Density 10 Evasion (%) 50 Recoil Reduction 2 Item Schematics ----------------- None Robot Schematics ------------------ None Fabricated ------------ Nothing Alien Tech Used ----------------- None Achievements -------------- None Challenges ------------ None Game ------ Seed LightningCoolingThruster Manual? 0 Play Time 00:15:14 Cumulative 25.9 hours Start 2021.07.15 @ 21:07:48 End 2021.07.15 @ 21:24:39 Sessions 1 Manual Loads 0 Difficulty Rogue Special Mode None Game No. 44 Rogue 44 Adventurer 0 Explorer 0 Win Type - Total 0 Types 0/0/0/0/0/0/0/0/0 Lore% 22 Gallery% 32 Achievement% 21 Wizard Run 0 Options --------- ASCII 0 Keyboard 0 Movement Mouse Keybinds 0 Fullscreen 2 Font 16/Cog Map View 76x50 Tactical HUD 1 Map Filters NONE Filters NONE Steam 1 RUN: 30bbe6e8-1dd2-4026-9ab1-7c34a2ae3965